Map: Ascension to Aiur LE

Players

ShoWTimE - Winner!

  • Race: Protoss Protoss
  • Spawn Location: 11:00

SouLeer (souL)

  • Race: Zerg Zerg
  • Spawn Location: 5:00

Event: WCS Valencia 2017

VOD

Have the link to the VOD?

Description

Time

  • Played on: July 13, 2017, 7:03 a.m.
  • Length: 7:46

All games in this series

Show
View Real Time Build Order
Export as new Build Order

ShoWTimE Protoss - Winner!

Build Orders: Nexus First, Oracle Opening, Zealot Archon 

Get SALT Encoding   

  12  0:01  Probe (Chrono Boost)  
  13  0:11  Probe (Chrono Boost)  
  14  0:18  Pylon  
  14  0:22  Probe (Chrono Boost)  
  15  0:36  Probe (Chrono Boost)  
  16  0:47  Probe (Chrono Boost)  
  17  0:58  Nexus  
  17  1:07  Gateway  
  17  1:11  Probe (Chrono Boost)  
  18  1:16  Assimilator  
  18  1:21  Probe (Chrono Boost)  
  18  1:24  Assimilator  
  19  1:32  Probe (Chrono Boost)  
  20  1:40  Gateway  
  20  1:42  Probe (Chrono Boost)  
  21  1:53  Probe (Chrono Boost)  
  22  1:56  Cybernetics Core  
  22  2:03  Probe (Chrono Boost)  
  23  2:10  Probe (Chrono Boost)  
  23  2:12  Pylon  
  23  2:14  Probe (Chrono Boost)  
  25  2:20  Probe (Chrono Boost)  
  26  2:24  Probe (Chrono Boost)  
  27  2:30  Probe (Chrono Boost)  
  27  2:32  Adept (Chrono Boost)  
  27  2:35  Probe, Adept (Chrono Boost)  
  33  2:37  Warp Gate  
  33  2:42  Probe  
  34  2:47  Probe  
  34  2:51  Stargate  
  35  2:54  Probe  
  35  2:58  Adept (Chrono Boost)  
  38  3:00  Probe  
  38  3:04  Adept (Chrono Boost)  
  41  3:12  Probe, Pylon  
  42  3:13  Probe  
  43  3:24  Probe  
  43  3:25  Probe  
  45  3:31  Adept (Chrono Boost)  
  43  3:34  Adept (Chrono Boost)  
  43  3:35  Oracle (Chrono Boost)  
  43  3:36  Probe  
  43  3:38  Probe  
  43  3:40  Pylon  
  52  3:44  Pylon  
  52  3:48  Probe  
  53  3:50  Probe  
  54  4:00  Probe  
  54  4:02  Probe  
  56  4:12  Probe  
  56  4:14  Probe  
  58  4:18  Pylon  
  58  4:19  Assimilator  
  58  4:22  Oracle (Chrono Boost)  
  58  4:23  Assimilator  
  61  4:24  Probe  
  61  4:26  Probe  
  63  4:32  Nexus  
  63  4:35  Pylon  
  63  4:36  Probe  
  63  4:38  Probe  
  65  4:48  Probe  
  65  4:50  Probe  
  59  5:00  Robotics Facility  
  59  5:01  Probe (Chrono Boost)  
  59  5:02  Probe (Chrono Boost), Phoenix (Chrono Boost)  
  59  5:07  Gateway  
  63  5:10  Gateway  
  63  5:13  Mothership Core (Chrono Boost)  
  66  5:14  Probe (Chrono Boost)  
  66  5:15  Gateway  
  66  5:18  Sentry x2  
  70  5:22  Pylon  
  70  5:25  Probe (Chrono Boost)  
  70  5:26  Forge, Twilight Council  
  71  5:31  Probe (Chrono Boost)  
  71  5:35  Probe (Chrono Boost)  
  73  5:41  Probe (Chrono Boost)  
  74  5:42  Zealot  
  74  5:43  Zealot  
  74  5:44  Probe (Chrono Boost)  
  74  5:45  Probe (Chrono Boost)  
  74  5:46  Protoss Ground Weapons Level 1  
  74  5:48  Observer (Chrono Boost)  
  81  5:50  Probe  
  81  5:51  Assimilator  
  81  5:54  Probe  
  81  5:55  Assimilator  
  83  5:57  Probe  
  83  6:02  Probe, Templar Archives  
  85  6:05  Probe  
  85  6:06  Zealot x2  
  85  6:09  Probe  
  85  6:10  Immortal (Chrono Boost)  
  95  6:15  Probe  
  95  6:16  Probe  
  95  6:18  Photon Cannon  
  97  6:21  Pylon  
  97  6:24  Zealot x2  
  101  6:31  Zealot x3  
  95  6:40  Photon Cannon  
  95  6:41  Gateway  
  95  6:42  Photon Cannon  
  95  6:43  Pylon  
  95  6:45  Pylon  
  95  6:51  Immortal (Chrono Boost)  
  95  6:52  High Templar  
  95  6:53  High Templar  
  103  6:57  Archon  
  103  6:58  Sentry  
  103  6:59  Sentry  
  103  7:00  Zealot  
  109  7:13  Pylon  
  109  7:14  Gateway  
  109  7:17  Photon Cannon, Gateway  
  109  7:21  Pylon  
  109  7:26  Zealot x2, High Templar x2  
  121  7:30  Archon  
  121  7:40  Zealot  
Show
View Real Time Build Order
Export as new Build Order

SouLeer Zerg 

Build Orders: 3 Hatch before Pool 

Get SALT Encoding   

  12  0:00  Drone  
  13  0:12  Overlord  
  13  0:17  Drone  
  14  0:30  Drone x2  
  14  0:34  Drone  
  17  0:51  Hatchery  
  17  0:54  Drone  
  17  0:57  Drone  
  18  1:06  Drone  
  19  1:25  Hatchery  
  18  1:29  Drone  
  19  1:36  Spawning Pool  
  19  1:39  Drone  
  19  1:42  Extractor  
  19  1:44  Drone  
  19  1:49  Overlord  
  19  2:06  Drone x2  
  21  2:12  Drone  
  22  2:16  Drone  
  23  2:22  Queen  
  23  2:23  Zergling x2  
  23  2:25  Zergling x2  
  23  2:29  Queen  
  29  2:33  Drone  
  30  2:38  Zergling x2  
  30  2:39  Zergling x2  
  30  2:42  Metabolic Boost  
  32  2:51  Queen  
  32  2:53  Drone  
  32  2:56  Zergling x2  
  32  2:58  Drone  
  37  3:00  Drone  
  37  3:04  Overlord  
  38  3:06  Drone  
  38  3:08  Drone  
  38  3:11  Drone  
  41  3:13  Drone  
  42  3:26  Drone x3  
  44  3:30  Drone x3  
  46  3:35  Drone x3  
  46  3:39  Spore Crawler  
  46  3:40  Spore Crawler  
  47  3:41  Drone x2  
  47  3:46  Overlord  
  47  3:47  Spore Crawler  
  48  3:50  Overlord  
  48  3:53  Zergling x2  
  49  4:02  Zergling x4  
  49  4:04  Zergling x4  
  49  4:05  Zergling x2  
  49  4:06  Drone x2  
  49  4:09  Drone x2  
  55  4:11  Drone x2  
  56  4:18  Drone x4  
  56  4:19  Drone  
  56  4:21  Zergling x2  
  62  4:25  Extractor  
  62  4:27  Lair  
  62  4:28  Extractor  
  62  4:29  Zergling x4  
  62  4:31  Zergling x2  
  63  4:33  Zergling x2  
  64  4:38  Zergling x4  
  64  4:45  Zergling x2, Overlord  
  65  4:50  Overlord  
  62  4:53  Drone x4  
  62  4:57  Queen  
  66  5:02  Overlord  
  66  5:05  Drone x3  
  66  5:06  Drone x3  
  72  5:14  Overlord  
  72  5:17  Overlord  
  72  5:18  Zergling x8  
  75  5:25  Hydralisk Den  
  75  5:28  Zergling x8  
  76  5:31  Zergling x4  
  75  5:36  Overlord  
  75  5:39  Extractor x2  
  73  5:50  Overlord  
  73  5:54  Hatchery  
  73  5:56  Hydralisk x6  
  73  5:57  Extractor, Hydralisk x2  
  90  6:06  Muscular Augments  
  90  6:07  Zergling x12  
  90  6:08  Zergling x2  
  97  6:12  Hydralisk  
  97  6:16  Hydralisk  
  101  6:20  Zergling x8  
  101  6:23  Hydralisk  
  107  6:28  Hydralisk  
  107  6:30  Zergling x6  
  105  6:35  Zergling x2  
  105  6:36  Zergling x8  
  107  6:40  Hydralisk  
  107  6:42  Hydralisk  
  111  6:49  Hydralisk  
  111  6:52  Overlord x2  
  111  6:53  Zergling x2  
  114  6:55  Overseer  
  114  6:57  Overlord  
  114  6:59  Overlord  
  113  7:10  Hydralisk x2  
  113  7:14  Zergling x10  
  113  7:15  Zergling x8  
  119  7:17  Hydralisk x2  
  119  7:21  Zergling x6  
  119  7:22  Zergling x4  
  128  7:25  Zergling x2  
Tags
 
Add a new tag
Caveats
  • Supply blocks, unpowered buildings, or Contaminate may cause inaccurate times.
  • Supply counts are checked every 10 seconds.